 Dungeon Crawl Stone Soup version 0.24-a0-278-gefa1973 (webtiles) character file.

Game seed: 11536422724367245125

465 Dantiko the Skirmisher (level 7, -13/54 HPs)
             Began as a Barachi Arcane Marksman on Apr 29, 2019.
             Mangled by Menkaure (15 damage)
             ... on level 5 of the Dungeon.
             The game lasted 00:17:00 (4984 turns).

Dantiko the Skirmisher (Barachi Arcane Marksman)    Turns: 4984, Time: 00:17:01

Health: -13/54     AC:  9    Str: 13    XL:     7   Next: 8%
Magic:  9/10       EV: 12    Int: 14    God:
Gold:   102        SH:  0    Dex: 12    Spells: 5/10 levels left

rFire    . . .     SeeInvis .   s - +0 morningstar (holy)
rCold    . . .     Gourm    .   (no shield)
rNeg     . . .     Faith    .   h - +0 ring mail
rPois    .         Spirit   .   (no helmet)
rElec    .         Reflect  .   (no cloak)
rCorr    .         Harm     .   (no gloves)
MR       .....                  (no boots)
Stlth    +.........             (no amulet)
HPRegen  0.18/turn              o - +4 ring of protection
MPRegen  0.12/turn              (no ring)

@: can't hop, slow
A: +LOS, swims, slowness 1, strong legs 1
a: Hop


You were on level 5 of the Dungeon.
You were not hungry.

You visited 1 branch of the dungeon, and saw 5 of its levels.
You also visited: Sewer.

You collected 102 gold pieces.

Inventory:

Hand Weapons
 s - a +0 morningstar of holy wrath (weapon)
Missiles
 c - 3 javelins (quivered)
 g - 106 sling bullets
 l - 90 stones
 n - 96 arrows
 p - 30 bolts
 z - 2 tomahawks of returning
Armour
 h - a +0 ring mail (worn)
Jewellery
 o - a +4 ring of protection (left hand)
Scrolls
 i - a scroll of blinking
 q - a scroll of teleportation {unknown}
 t - 2 scrolls of random uselessness
 u - a scroll of enchant armour {unknown}
 v - a scroll of remove curse
 y - a scroll of fear {unknown}
Potions
 a - 2 potions of cancellation
 b - 5 potions of curing
 e - 6 potions of might
 k - a potion of haste {unknown}
 m - 3 potions of flight
 r - a potion of invisibility {unknown}
 x - 3 potions of magic
Comestibles
 f - 5 rations


   Skills:
 - Level 4.2 Fighting
 - Level 2.1 Throwing
 - Level 3.2 Armour
 + Level 3.4 Dodging
 - Level 2.0 Spellcasting
 - Level 4.0 Hexes
 - Level 4.0 Translocations


You had 5 spell levels left.
You knew the following spells:

 Your Spells              Type           Power        Failure   Level  Hunger
a - Corona                Hex            ##.....      10%         1    ##.....
b - Portal Projectile     Hex/Tloc       ##....       28%         3    ####...
c - Confusing Touch       Hex            ##....       10%         1    ##.....

Your spell library contained the following spells:

 Spells                   Type           Power        Failure   Level  Hunger
 Apportation              Tloc           ##....       10%         1    ##.....
 Slow                     Hex            ##......     14%         2    ###....
 Animate Skeleton         Necr           N/A          43%         1    ##.....
 Summon Small Mammal      Summ           #...         43%         1    ##.....
 Inner Flame              Hex/Fire       #.......     54%         3    ####...
 Cause Fear               Hex            ##........   67%         4    #####..
 Leda's Liquefaction      Hex/Erth       #.........   91%         4    #####..


Dungeon Overview and Level Annotations

Branches:
Dungeon (5/15)
 Temple: D:4-7

Altars:
Dithmenos
Xom

Annotations:
D:5 Menkaure


Innate Abilities, Weirdness & Mutations

Shadows flee at your approach. (+LOS)
You can swim through water.
You cover ground slowly.
You can hop short distances.


Message History

The shadow imp gestures at you. Pain shoots through your body!
* * * LOW HITPOINT WARNING * * *
The crimson imp blinks!
The shadow imp completely misses you.
Hop to where?
Press: ? - help, Dir - move target cursor, p - Menkaure Boing!
Menkaure struggles against the net.
The net rips apart, and Menkaure comes free!
The howler monkey hoots and howls with incredible vigour!
You hear an angry hiss.
You hit Menkaure.
Menkaure convulses.
Menkaure is lightly damaged.
Menkaure completely misses you. Menkaure closely misses you.
Throwing (i - inventory. (/) - cycle)
c - 4 javelins (quivered)
Press: ? - help, Shift-Dir - straight line, f - Menkaure
Aim: Menkaure (lightly damaged, fast)
You throw a javelin. The javelin hits Menkaure.
Menkaure is lightly damaged.
Menkaure closely misses you.
The crimson imp blinks!
Menkaure hits you!
You die...

### # .. #.#.
#.#.##+#########
....(.(........
#.###.............
#.................
#...@.5......#
#.#M#'####### #5#.# #h#.#
...##Y#§######
>...5.........w.##########
.............h.5..h..w[.†.
Y#..#..#.#.#####.####.####
## #....#.# #.# #.#


You could see an ice beast, Menkaure, a howler monkey, a crimson imp and a
shadow imp.

Vanquished Creatures
  Duvessa (D:4)
  Purgy (Sewer)
  Dowan (D:4)
  2 hounds (D:4)
  7 adders
  An ooze (D:1)
  An adder skeleton (D:4)
  9 worms
  A dart slug (D:1)
  2 leopard geckos (D:4)
  5 orcs (D:2)
  7 hobgoblins
  3 jackals (D:4)
  2 ball pythons (Sewer)
  7 bats
  8 frilled lizards
  6 goblins
  2 kobolds
  12 rats
78 creatures vanquished.

Notes
Turn   | Place    | Note
-------+----------+-------------------------------------------
     0 | D:1      | Dantiko the Barachi Arcane Marksman began the quest for the
                  | Orb.
     0 | D:1      | Reached XP level 1. HP: 15/15 MP: 2/2
   437 | D:1      | Reached XP level 2. HP: 10/22 MP: 3/3
  1153 | D:2      | Reached XP level 3. HP: 17/27 MP: 3/5
  1161 | D:2      | Learned a level 3 spell: Portal Projectile
  1551 | D:2      | Learned a level 1 spell: Confusing Touch
  1617 | D:2      | Reached skill level 1 in Translocations
  1789 | D:2      | Found a shadowy altar of Dithmenos.
  1789 | D:2      | Found a shimmering altar of Xom.
  2005 | D:2      | Reached XP level 4. HP: 33/33 MP: 5/7
  3165 | D:4      | Noticed Duvessa
  3165 | D:4      | Noticed Dowan
  3185 | D:4      | Killed Duvessa
  3185 | D:4      | Reached XP level 5. HP: 17/42 MP: 6/8
  3192 | D:4      | Killed Dowan
  3192 | D:4      | Reached XP level 6. HP: 21/48 MP: 5/9
  3331 | D:4      | Reached skill level 1 in Armour
  3354 | D:4      | Found a glowing drain.
  3358 | Sewer    | Entered a sewer
  3577 | Sewer    | Noticed Purgy
  3587 | Sewer    | Killed Purgy
  4531 | D:4      | Reached XP level 7. HP: 54/54 MP: 10/10
  4655 | D:5      | Entered Level 5 of the Dungeon
  4704 | D:5      | Noticed Menkaure
  4979 | D:5      | HP: 2/54 [Menkaure (21)]
  4984 | D:5      | Mangled by Menkaure

Levels and vault maps discovered:
D:1:      dpeg_arrival_simpleton_b, layout_rooms
D:2:      layout_loops_corners, amethyst_overflow_temple_binary
D:3:      layout_basic
D:4:      layout_basic, lightli_sewer_entry_pipes, serial_glass,
          glass_columns_b, glass_columns_b, kennysheep_generic_room_16,
          uniq_duvessa
D:5:      layout_basic, first_ration, uniq_menkaure

Skill      XL: |  1  2  3  4  5  6 |
---------------+-------------------+-----
Fighting       | 2 3 4 |  4.2
Hexes          | 4 |  4.0
Spellcasting   | 2 |  2.0
Translocations | 1 3 4 |  4.0
Armour         | 3 |  3.2
Dodging        | 3 |  3.4
Throwing       | |  2.1

Action                   |  1- 3 |  4- 6 |  7- 9 || total
-------------------------+-------+-------+-------++-------
Melee: Unarmed           |    17 |       |       ||    17
       Hand axe          |   169 |    57 |       ||   226
       Morningstar       |       |   174 |    16 ||   190
Throw: Javelin           |     4 |     1 |     1 ||     6
       Stone             |     7 |       |       ||     7
       Tomahawk          |     2 |     9 |     2 ||    13
       Throwing net      |       |       |     2 ||     2
 Cast: Corona            |    18 |     9 |       ||    27
       Confusing Touch   |    11 |    33 |     2 ||    46
       Portal Projectile |       |       |     1 ||     1
 Abil: Hop               |     2 |       |     2 ||     4
  Use: Scroll            |     1 |     8 |     1 ||    10
 Stab: Confused          |     5 |    13 |       ||    18
  Eat: Chunk             |     5 |     7 |     2 ||    14
       Ration            |       |     1 |       ||     1
Armor: Robe              |    11 |       |       ||    11
       Ring mail         |    73 |   124 |     8 ||   205
Dodge: Dodged            |   127 |   162 |    13 ||   302

Table legend:
 A = Non-vault XP
 B = Vault XP
 C = Vault XP percentage of total XP
 D = Non-vault monster count
 E = Vault monster count
 F = Vault count percentage of total count
                 A         B        C        D         E       F
            +---------+---------+-------+---------+---------+-------
      Total |     240 |     425 |  63.9 |      53 |      25 |  32.1
            +---------+---------+-------+---------+---------+-------
        D:1 |      30 |       0 |   0.0 |      15 |       0 |   0.0
        D:2 |      74 |       0 |   0.0 |      22 |       0 |   0.0
        D:3 |      10 |       0 |   0.0 |       5 |       0 |   0.0
        D:4 |     112 |     284 |  71.7 |       9 |      17 |  65.4
        D:5 |      14 |       0 |   0.0 |       2 |       0 |   0.0
      Sewer |       0 |     141 | 100.0 |       0 |       8 | 100.0
            +---------+---------+-------+---------+---------+-------
